 Dungeon Crawl Stone Soup version 0.30.0-16-gbe6223bb7e (webtiles) character file.

Game seed: 5828087962203736250

1304 browni3141 the Thaumaturge (level 8, -2/56 HPs)
             Began as a Mummy Summoner on May 20, 2023.
             Killed from afar by an orc wizard (7 damage)
             ... with a magic dart
             ... on level 5 of the Dungeon on May 21, 2023.
             The game lasted 00:15:54 (5249 turns).

browni3141 the Thaumaturge (Mummy Summoner)         Turns: 5249, Time: 00:15:55

Health: -2/56      AC:  6    Str: 11    XL:     8   Next: 31%
Magic:  18/21      EV: 12    Int: 16    God:
Gold:   214        SH:  0    Dex: 13    Spells: 14/25 levels left

rFire   x . .        g - +4 dagger of Benevolence {elec, rPois Will+}
rCold   + . .        (no shield)
rNeg    + + +        a - +0 robe
rPois   ∞            (no helmet)
rElec   .            R - +0 cloak
rCorr   .            h - +2 pair of gloves
SInv    .            (no boots)
Will    ++...        (no amulet)
Stlth   ++           (no ring)
HPRegen 0.29/turn    (no ring)
MPRegen 0.17/turn

%: faith
@: no status effects
A: cold resistance 1, negative energy resistance 3, torment resistance 2, heat
vulnerability 1, in touch with death 1, no potions, faith
a: no special abilities


You were on level 5 of the Dungeon.
You visited 1 branch of the dungeon, and saw 6 of its levels.

You collected 214 gold pieces.

Inventory:

Hand Weapons
 b - a +0 dagger
 e - a +0 quarterstaff
 g - the +4 dagger of Benevolence (weapon) {elec, rPois Will+}
   (You found it on level 2 of the Dungeon)

   rPois:     It protects you from poison.
   Will:      It increases your willpower.
Missiles
 J - 13 poisoned darts
 T - a boomerang
Armour
 a - a +0 robe (worn)
 h - a +2 pair of gloves (worn)
 i - a +0 pair of gloves
 Q - a scarf of shadows
 R - a +0 cloak (worn)
Magical Staves
 c - a staff of fire
Wands
 P - a wand of paralysis (10)
 S - a wand of digging (1)
Scrolls
 d - 10 scrolls of identify {unknown}
 f - 2 scrolls of teleportation {unknown}
 U - a scroll of vulnerability {unknown}
 V - a scroll of enchant armour {unknown}
 W - a scroll of fog {unknown}


   Skills:
 - Level 2.0 Fighting
 - Level 1.6 Dodging
 - Level 1.6 Stealth
 * Level 9.3 Spellcasting
 - Level 6.0 Summonings
 + Level 1.7 Translocations


You had 14 spell levels left.
You knew the following spells:

 Your Spells              Type           Power      Damage    Failure   Level
a - Call Canine Familiar  Summ           26%        N/A       2%          3
g - Summon Guardian Gole  Hex/Summ       17%        N/A       9%          3
x - Call Imp              Summ           52%        N/A       1%          2
z - Summon Small Mammal   Summ           100%       N/A       1%          1
B - Blink                 Tloc           24%        N/A       8%          2

Your spell library contained the following spells:

 Spells                   Type           Power      Damage    Failure   Level
 Necrotise                Necr           44%        1d6       10%         1
 Scorch                   Fire           14%        2d6       16%         2
 Volatile Blastmotes      Fire/Tloc      20%        2d11      21%         3
 Summon Lightning Spire   Summ/Air       17%        N/A       28%         4
 Inner Flame              Hex/Fire       7%         N/A       30%         3
 Vampiric Draining        Necr           11%        2d6       30%         3
 Manifold Assault         Tloc           12%        N/A       43%         4
 Passage of Golubria      Tloc           12%        N/A       43%         4
 Iskenderun's Mystic Bla  Conj/Tloc      10%        2d4       56%         4
 Flame Wave               Conj/Fire      7%         2d5       69%         4
 Fulminant Prism          Conj/Hex       3%         3d5       69%         4
 Sticky Flame             Conj/Fire      7%         2d3       69%         4
 Summon Cactus Giant      Summ           13%        N/A       78%         6
 Agony                    Necr           11%        N/A       95%         5
 Lee's Rapid Deconstruct  Erth           3%         3d5*      95%         5
 Silence                  Hex/Air        3%         N/A       95%         5
 Lehudib's Crystal Spear  Conj/Erth      3%         10d3      100%        8
 Storm Form               Tmut/Air       Unusable   N/A       N/A         7

Dungeon Overview and Level Annotations

Branches:
Dungeon (6/15)
 Temple: D:4-7

Altars:
Fedhas
Nemelex Xobeh
Uskayaw

Shops:
D:1 !

Annotations:
D:4 1 transporter, browni3141's ghost, novice DsFE
D:5 exclusion: oklob plant


Innate Abilities, Weirdness & Mutations

You are immune to poison.
Your flesh is cold resistant. (rC+)
You are immune to negative energy. (rN+++)
You are immune to unholy pain and torment.
You are vulnerable to heat. (rF-)
You are in touch with the powers of death.
You do not drink.
You have a special connection with the divine. (Faith)


Message History

You barely miss something.
The orc wizard gestures at you while chanting.
The puff of flame hits your cerulean imp!
Your cerulean imp dies!
Your cerulean imp disappears in a puff of smoke!
Something hits you.
You hit something. Something hits you but does no damage.
You hit something. Lightning courses through something!
Reactivating autopickup.
You feel a bit more experienced.
Deactivating autopickup; reactivate with Ctrl-A.
You closely miss something. Something hits you but does no damage.
You hit something. Something hits you.
You miss something. The orc wizard completely misses you.
Something hits you but does no damage.
You closely miss something. The orc wizard barely misses you.
Something hits you but does no damage.
You hit something. Something hits you but does no damage.
The orc wizard hits you but does no damage.
The orc priest looks encouraged for a moment.
You hit the orc wizard.
The orc wizard is lightly wounded.
The orc wizard closely misses you. Something hits you.
You hit the orc wizard.
Lightning courses through the orc wizard!
You kill the orc wizard!
Something hits you. Something hits you.
Things that are here:
a +0 dagger; a +0 robe; an orc corpse The orc priest hits you with a +0 whip.
There is a stone staircase leading up, spattered with blood here.
Items here: )) ††.
You hear some strange, mumbled words.
A puff of flame appears from out of thin air!
The puff of flame hits you! The fire burns you terribly!
* * * LOW HITPOINT WARNING * * *
The orc priest barely misses you.
You climb upwards.
Level annotation: exclusion: oklob plant Reactivating autopickup.
There is a stone staircase leading down here.
You hit the orc priest.
The orc priest is lightly wounded.
The orc priest hits you with a +0 whip.
* * * LOW HITPOINT WARNING * * *
Something hits you.
* * * LOW HITPOINT WARNING * * *
Deactivating autopickup; reactivate with Ctrl-A.
You barely miss the orc priest.
The orc priest is lightly wounded.
The orc priest barely misses you. Something hits you.
* * * LOW HITPOINT WARNING * * *
You barely miss the orc priest.
The orc priest is lightly wounded.
The orc priest barely misses you.
You hear some strange, mumbled words.
A puff of flame appears from out of thin air!
The puff of flame hits you. The fire burns you terribly!
* * * LOW HITPOINT WARNING * * *
You barely miss the orc priest.
The orc priest is lightly wounded.
The orc priest hits you with a +0 whip.
* * * LOW HITPOINT WARNING * * *
Something hits you but does no damage.
You hit the orc priest but do no damage.
The orc priest is lightly wounded.
The orc priest misses you.
You hear some strange, mumbled words.
A puff of flame appears from out of thin air!
The puff of flame hits you. The fire burns you terribly!
* * * LOW HITPOINT WARNING * * *
Aiming: Paralyse
Press: ? - help, Shift-Dir - straight line, f - orc priest
Aim: an orc priest, wielding a +0 whip and wearing a +0 scale mail (lightly wounded, chance to affect: 49%)
The orc priest suddenly stops moving!
Something hits you but does no damage.
The helpless orc priest fails to defend itself.
You puncture the orc priest!
The orc priest is severely wounded.
Something hits you but does no damage.
The helpless orc priest fails to defend itself.
You hit the orc priest.
The orc priest is severely wounded.
Something hits you.
* * * LOW HITPOINT WARNING * * *
The helpless orc priest fails to defend itself.
You hit the orc priest.
Lightning courses through the orc priest!!
You kill the orc priest!
Something hits you.
* * * LOW HITPOINT WARNING * * *
Something hits you.
* * * LOW HITPOINT WARNING * * *
Things that are here:
a +0 whip; a +0 scale mail; 14 gold pieces
Casting: Call Imp (safe; 1% risk of failure)
Confirm with . or Enter, or press ? or * to list all spells.
A magic dart appears from out of thin air!
The magic dart hits you!
You die...

#.# ##..#####..#####.
#.#####..............
#....####...#########
#....## #.### #.....#
#.# #.....# #.#
#....h###.#
#....>.{..###########
#...@#.#.....##......
##'###...#...##......
#.......#.#.##......
#########.##########
♣#PP ♣P.P#.#♣P#PP♣PPP


♣PPP♣♣P#P#.##PP#PPP♣P #♣P.P♣PP.......PP.♣PP. #PPPPPP..~~~~~..PPPP.#
#PP.PP..~~≈~≈~~..PPP♣. You could see a friendly hound (summoned).

Vanquished Creatures
  3 scorpions
  2 jellies
  3 hounds
  4 orc priests
  Jessica (D:3)
  4 iguanas (D:5)
  5 orc wizards
  8 adders
  2 gnolls (D:2)
  2 ufetubi
  2 worms
  12 orcs
  7 ball pythons
  4 bats
  4 endoplasms
  3 giant cockroaches
  2 goblins
  A hobgoblin (D:2)
  4 jackals
  3 quokkas
  4 kobolds
  7 rats
87 creatures vanquished.

Vanquished Creatures (collateral kills)
  An ice beast (D:5)
  A scorpion (D:6)
  An orc priest (D:5)
  A jelly (D:5)
  An iguana (D:4)
  A gnoll (D:2)
  2 adders
  An ufetubus (D:5)
  A worm (D:3)
  2 dart slugs
  7 orcs
  2 ball pythons
  3 endoplasms
  2 giant cockroaches (D:1)
  2 goblins
  A hobgoblin (D:1)
  4 jackals
  4 quokkas
  3 bats
  A rat (D:1)
41 creatures vanquished.

Vanquished Creatures (others)
  An ogre (D:5)
  Crazy Yiuf (D:4)
2 creatures vanquished.

Grand Total: 130 creatures vanquished

Notes
Turn   | Place    | Note
-------+----------+-------------------------------------------
     0 | D:1      | browni3141 the Mummy Summoner began the quest for the Orb.
     0 | D:1      | Reached XP level 1. HP: 13/13 MP: 4/4
   228 | D:1      | Reached XP level 2. HP: 11/19 MP: 3/5
   240 | D:1      | Learned a level 2 spell: Call Imp
   495 | D:1      | Found Hyenuj Teuf's Distillery.
   780 | D:1      | Gained mutation: You are in touch with the powers of death.
                  | [Mummy growth]
   780 | D:1      | Reached XP level 3. HP: 20/24 MP: 4/7
  1567 | D:2      | Identified the +4 dagger of Benevolence {elec, rPois Will+}
  1697 | D:2      | Learned a level 3 spell: Call Canine Familiar
  1722 | D:2      | Reached XP level 4. HP: 23/30 MP: 3/8
  2194 | D:3      | Noticed Jessica
  2201 | D:3      | Killed Jessica
  2321 | D:3      | Reached skill level 3 in Spellcasting
  2321 | D:3      | Reached XP level 5. HP: 31/35 MP: 4/9
  2690 | D:3      | Found a sparkling altar of Nemelex Xobeh.
  2887 | D:4      | Reached skill level 4 in Spellcasting
  2985 | D:4      | Found a runed translucent door.
  2986 | D:4      | Noticed Crazy Yiuf
  2993 | D:4      | Learned a level 3 spell: Summon Guardian Golem
  3013 | D:4      | Killed Crazy Yiuf
  3344 | D:4      | Reached XP level 6. HP: 40/41 MP: 9/12
  3435 | D:4      | Reached skill level 5 in Spellcasting
  3677 | D:4      | Noticed browni3141's ghost (novice DsFE)
  3680 | D:4      | Found a transporter.
  3877 | D:4      | Reached skill level 6 in Summonings
  3947 | D:4      | Reached XP level 7. HP: 45/46 MP: 15/15
  4173 | D:5      | Entered Level 5 of the Dungeon
  4196 | D:5      | Reached skill level 6 in Spellcasting
  4385 | D:5      | Reached skill level 7 in Spellcasting
  4601 | D:5      | Reached skill level 8 in Spellcasting
  4755 | D:5      | Found a hide-covered altar of Uskayaw.
  4786 | D:5      | Learned a level 2 spell: Blink
  4810 | D:5      | Reached XP level 8. HP: 55/56 MP: 15/20
  4910 | D:5      | Found a blossoming altar of Fedhas.
  4928 | D:5      | Noticed an oklob plant
  5216 | D:6      | Reached skill level 9 in Spellcasting
  5249 | D:5      | Killed from afar by an orc wizard

Illustrated notes

Levels and vault maps discovered:
D:1:      psy_arrival_radial02, layout_basic, serial_shops,
          nicolae_shop_industrial_runoff
D:2:      layout_loops_cross
D:3:      wander_river, layout_rooms, nemelex_spade_bored_becter, uniq_jessica
D:4:      layout_basic, gammafunk_ghost_smash, minmay_snake_closets,
          uniq_crazy_yiuf_cottage
D:5:      layout_basic, tgw_fedhas, minmay_ruined_shrine
D:6:      layout_basic, temple_hall

Skill      XL: |  1  2  3  4  5  6  7  8 |
---------------+-------------------------+-----
Summonings     | 4 5 6 |  6.0
Spellcasting   | 3 4 5 8 9 |  9.3
Fighting       | 2 |  2.0
Translocations | 1 |  1.7
Dodging        | |  1.6
Stealth        | |  1.6

Action                     |  1- 3 |  4- 6 |  7- 9 || total
---------------------------+-------+-------+-------++-------
  Melee: Dagger            |    67 |   111 |   144 ||   322
         Unarmed           |     9 |       |       ||     9
         Quarterstaff      |    12 |       |       ||    12
         Punch             |       |     1 |     2 ||     3
   Cast: Summon Small Mamm |     8 |       |       ||     8
         Call Imp          |    17 |    15 |     9 ||    41
         Call Canine Famil |     1 |     3 |     5 ||     9
         Summon Guardian G |       |     2 |     1 ||     3
  Evoke: Wand              |       |       |     1 ||     1
   Stab: Sleeping          |     2 |     5 |     1 ||     8
         Distracted        |     1 |       |       ||     1
         Paralysed         |       |       |     3 ||     3
 Armour: Robe              |    28 |    34 |    41 ||   103
  Dodge: Dodged            |    80 |    75 |    68 ||   223
